 Dungeon Crawl Stone Soup version 0.32-a0-841-g4648e6c457 (webtiles) character file.

Game seed: 10124048182226824608

218 shadizar the Magician (level 6, -1/40 HPs)
             Began as a Djinni Conjurer on Mar 26, 2024.
             Killed by nerve-wracking pain
             ... invoked by an orc priest
              (14 damage)
             ... on level 4 of the Dungeon.
             The game lasted 00:02:06 (3546 turns).

shadizar the Magician (Djinni Conjurer)             Turns: 3546, Time: 00:02:06

Health: -1/40      AC:  2    Str:  6    XL:     6   Next: 17%
Gold:   165        EV: 11    Int: 22    God:
                   SH:  0    Dex: 11

rFire   + + .        (no weapon)
rCold   x . .        (no shield)
rNeg    . . .        a - +0 robe
rPois   ∞            (no helmet)
rElec   .            (no cloak)
rCorr   .            (no gloves)
SInv    .            (boots unavailable)
Will    .....        (no amulet)
Stlth   ++           (no ring)
HPRegen 0.26/turn    (no ring)
MPRegen 0.00/turn

%: infuse magic (-2 HP)
@: flying, very slightly contaminated
A: sickness immunity, fire resistance 2, cold vulnerability 1, float, innate
caster, HP casting, extra vitality 1
a: Convert to Beogh


You were on level 4 of the Dungeon.
You visited 1 branch of the dungeon, and saw 4 of its levels.

You collected 165 gold pieces.

Inventory:

Armour
 a - a +0 robe (worn)
Jewellery
 k - a +6 ring of dexterity
Wands
 h - a wand of warping (9)
Scrolls
 e - 5 scrolls of identify {unknown}
 f - 2 scrolls of noise {unknown}
 g - 3 scrolls of teleportation {unknown}
 m - a scroll of butterflies {unknown}
Potions
 b - 3 potions of brilliance {unknown}
 c - 3 potions of mutation {unknown}
 d - 2 potions of curing
 i - 2 potions of resistance {unknown}
 j - 2 potions of might {unknown}
 l - a potion of haste {unknown}
 n - a potion of ambrosia {unknown}
 o - a potion of lignification {unknown}
 p - a potion of attraction {unknown}


   Skills:
 - Level 2.1 Dodging
 - Level 1.5 Stealth
 + Level 5.7 Spellcasting
 + Level 5.7 Conjurations
 + Level 5.7 Hexes
 + Level 5.7 Summonings
 + Level 5.7 Necromancy
 + Level 5.7 Translocations
 + Level 5.7 Fire Magic
 + Level 5.7 Ice Magic
 + Level 5.7 Air Magic
 + Level 5.7 Earth Magic
 + Level 5.7 Alchemy


You knew the following spells:

 Your Spells              Type           Power      Damage    Failure   Level
a - Magic Dart            Conj           100%       1d8       1%          1
b - Searing Ray           Conj           62%        2d6       1%          2
c - Fulminant Prism       Conj/Alch      15%        3d10      9%          4
d - Iskenderun's Mystic   Conj/Tloc      31%        2d8       9%          4
e - Sandblast             Erth           62%        2d14      1%          1
f - Jinxbite              Hex            62%        N/A       1%          2
Your spell library was empty.

Dungeon Overview and Level Annotations

Branches:
Dungeon (4/15)
 Temple: D:4-7

Altars:

Shops:
D:2 :?*=!


Innate Abilities, Weirdness & Mutations

You are immune to sickness and miasma.
You are immune to poison.
Your flesh is very heat resistant. (rF++)
You are vulnerable to cold. (rC-)
You float through the air rather than walking.
You learn spells naturally, not from books.
Your magical power is your life essence.
You have superior vitality. (+4 MHP)


Message History

The orc priest is knocked back by the mystic blast.
The mystic blast hits the orc wizard.
The orc wizard is moderately wounded.
The orc wizard is knocked back by the mystic blast.
The mystic blast hits the gnoll.
You kill the gnoll!
* * * LOW HITPOINT WARNING * * *
The orc priest shouts, "Surrender to Beogh and we'll let you live!"
You hear a shout! x3
Unknown command.
Unknown command.
Unknown command.
Unknown command.
Okay, then.
It was a potion of curing.
You feel better.
You are no longer firmly anchored in space.
You are no longer robbed of momentum.
The orc priest calls upon Beogh to heal the orc wizard.
The orc wizard's wounds heal themselves!
Casting: Iskenderun's Mystic Blast (quite dangerous; 9% risk of failure)
Confirm with . or Enter, or press ? or * to list all spells.
Aiming: Fulminant Prism (quite dangerous; 9% risk of failure)
Press: ? - help, Dir - move target You conjure a prism of explosive energy!
A fulminant prism comes into view.
The orc wizard casts a spell.
The orc wizard flickers and vanishes!
Deactivating autopickup; reactivate with Ctrl-A.
A gnoll comes into view. It is wielding a +0 whip.
Unknown command.
Unknown command.
Unknown command.
Unknown command.
Unknown command.
Something hits your fulminant prism but does no damage.
Your fulminant prism crackles loudly.
Unknown command.
The orc priest invokes the aid of Beogh against you.
Pain shoots through your body!
You die...

#....)<.#
#...
##.......#
####
#........#
#.#......#
##.##....##
#[####...#
##[# #...#
#..# ##.##
#@## ###
##.# #..#
#|## .)o
..*g.
...{..#
......
......


You could see an orc priest, a gnoll (ally target) and a friendly fulminant
prism.

Vanquished Creatures
  Terence (D:2)
  2 orc wizards (D:4)
  A gnoll (D:4)
  5 adders
  2 dart slugs (D:2)
  2 ribbon worms (D:2)
  6 orcs (D:4)
  6 ball pythons
  3 endoplasms
  7 giant cockroaches
  9 goblins
  4 hobgoblins
  3 quokkas
  6 bats
  5 frilled lizards
  12 kobolds
  4 rats
78 creatures vanquished.

Notes
Turn   | Place    | Note
-------+----------+-------------------------------------------
     0 | D:1      | shadizar the Djinni Conjurer began the quest for the Orb.
     0 | D:1      | shadizar set off with the following spells memorised: Magic
                  | Dart, Searing Ray, Fulminant Prism, Iskenderun's Mystic
                  | Blast.
     0 | D:1      | Reached XP level 1. HP: 15/15 MP: 0/0
   154 | D:1      | Reached XP level 2. HP: 19/21 MP: 0/0
   611 | D:1      | Reached XP level 3. HP: 22/25 MP: 0/0
   611 | D:1      | Learned a level 1 spell: Sandblast
  1074 | D:2      | Noticed Terence
  1081 | D:2      | Killed Terence
  1082 | D:2      | Reached XP level 4. HP: 12/31 MP: 0/0
  1177 | D:2      | Found Aboss's Assorted Antiques.
  1200 | D:2      | Found Douwk's Book Shoppe.
  1429 | D:2      | Found a faded altar of an unknown god.
  1447 | D:2      | Found Miuptar's Jewellery Shoppe.
  1591 | D:2      | Found Rizi's Magic Scroll Shoppe.
  1673 | D:2      | Found Nyerghohi's Distillery.
  2276 | D:3      | Reached XP level 5. HP: 34/35 MP: 0/0
  2276 | D:3      | Learned a level 2 spell: Jinxbite
  2309 | D:3      | Reached skill level 5 in Spellcasting
  2309 | D:3      | Reached skill level 5 in Conjurations
  2309 | D:3      | Reached skill level 5 in Hexes
  2309 | D:3      | Reached skill level 5 in Summonings
  2309 | D:3      | Reached skill level 5 in Necromancy
  2309 | D:3      | Reached skill level 5 in Translocations
  2309 | D:3      | Reached skill level 5 in Fire Magic
  2309 | D:3      | Reached skill level 5 in Ice Magic
  2309 | D:3      | Reached skill level 5 in Air Magic
  2309 | D:3      | Reached skill level 5 in Earth Magic
  2309 | D:3      | Reached skill level 5 in Alchemy
  3507 | D:4      | Reached XP level 6. HP: 37/40 MP: 0/0
  3546 | D:4      | Killed from afar by an orc priest

Illustrated notes

Levels and vault maps discovered:
D:1:      lightli_arrival_statue_moat, layout_loops_corners
D:2:      minmay_alternating_diamond, layout_basic, serial_shops,
          nicolae_shop_rolled_up, shop, shop, nicolae_book_shop_shelving, shop,
          basic_altar, hellmonk_ecumenical_altar_pennies_from_heaven,
          uniq_crazy_yiuf_cottage, uniq_terence
D:3:      layout_basic, mainiacjoe_overflow_small_starburst
D:4:      layout_cave_pods

Skill      XL: |  1  2  3  4  5 |
---------------+----------------+-----
Spellcasting   | 4 5 |  5.7
Conjurations   | 4 5 |  5.7
Hexes          | 4 5 |  5.7
Summonings     | 4 5 |  5.7
Necromancy     | 4 5 |  5.7
Translocations | 4 5 |  5.7
Fire Magic     | 4 5 |  5.7
Ice Magic      | 4 5 |  5.7
Air Magic      | 4 5 |  5.7
Earth Magic    | 4 5 |  5.7
Alchemy        | 4 5 |  5.7
Dodging        | |  2.1
Stealth        | |  1.5

Action                     |  1- 3 |  4- 6 || total
---------------------------+-------+-------++-------
   Cast: Magic Dart        |    60 |   119 ||   179
         Searing Ray       |     1 |       ||     1
         Iskenderun's Myst |       |     1 ||     1
         Fulminant Prism   |       |     1 ||     1
    Use: Potion            |       |     1 ||     1
 Armour: Robe              |     2 |     5 ||     7
  Dodge: Dodged            |     3 |     3 ||     6

Table legend: (Time is in decaauts)
 A = Elapsed time spent in this place.
 B = Non-inter-level travel time spent in this place.
 C = Inter-level travel time spent in this place.
 D = Time resting spent in this place.
 E = Time spent auto-exploring this place.
 F = Levels seen in this place.
 G = Mean time per level.
                   A        B        C        D        E       F      G
               +--------+--------+--------+--------+--------+-----+--------+
         Total |   3546 |   3469 |     77 |      0 |   3154 |   4 |  886.5 |
       Dungeon |   3546 |   3469 |     77 |      0 |   3154 |   4 |  886.5 |
               +--------+--------+--------+--------+--------+-----+--------+

Top non-repeatable levels by time:
     D:3: 1178 daAuts
     D:1: 1022 daAuts
     D:2: 1001 daAuts
     D:4: 344 daAuts
